 Dungeon Crawl Stone Soup version 0.17-a0-1570-g74b7129 (webtiles) character file.

78 urechis the Ruffian (level 4, -5/45 HPs)
             Began as a Troll Monk on July 23, 2015.
             Slain by a gnoll
             ... wielding a +0 spear
              (9 damage)
             ... on level 2 of the Dungeon.
             The game lasted 00:01:38 (974 turns).

urechis the Ruffian (Troll Monk)                     Turns: 974, Time: 00:01:39

Health: -5/45      AC:  5    Str: 20    XL:     4   Next: 15%
Magic:  3/3        EV: 10    Int:  6    God:
Gold:   54         SH:  0    Dex: 12    Spells: 0 memorised, 3 levels left

rFire  . . .     SeeInvis .       - Unarmed
rCold  . . .     Clarity  .     a - +0 robe
rNeg   . . .     SustAt   .     (no shield)
rPois  .         Gourm    +     (helmet restricted)
rElec  .         Spirit   .     (no cloak)
rCorr  .         Warding  .     (gloves unavailable)
rMut   .         Stasis   .     (boots unavailable)
MR     .....                    (no amulet)
Stlth  +.........               (no ring)
                                (no ring)

@: not resistant to hostile enchantments, very unstealthy
A: unfitting armour, claws 3, fast metabolism 3, gourmand, regeneration 2,
shaggy fur 1, tough skin 2
a: no special abilities


You were on level 2 of the Dungeon.
You were very full.

You visited 1 branch of the dungeon, and saw 2 of its levels.

You collected 54 gold pieces.

Inventory:

Armour
 a - a +0 robe (worn)
Scrolls
 c - a scroll of magic mapping
 d - a scroll of immolation {unknown}
 e - 2 scrolls of identify
 g - 2 scrolls of teleportation {unknown}
 h - a scroll of amnesia {unknown}
 i - a scroll of enchant armour {unknown}
 l - a scroll of recharging {unknown}
Potions
 j - a potion of magic {unknown}
Comestibles
 b - 2 bread rations
 f - a chunk of flesh
 k - a beef jerky


   Skills:
 + Level 3.1 Fighting
 - Level 2.4 Dodging
 - Level 1.1 Stealth
 * Level 5.1 Unarmed Combat


You had 3 spell levels left.
You didn't know any spells.

Dungeon Overview and Level Annotations

Branches:
Dungeon (2/15)

Altars:


Innate Abilities, Weirdness & Mutations

You are too large for most types of armour.
You have claws for hands.
Your metabolism is lightning-fast.
You like to eat raw meat.
You heal very quickly.
You are covered in fur (AC +1).
You have very tough skin (AC +2).


Message History

You kill the gnoll!
The gnoll hits you but does no damage. The gnoll hits you with a spear.
* * * LOW HITPOINT WARNING * * *
You see here a spear.
You scratch the gnoll.
The gnoll begins to bleed from its wounds!
The gnoll is moderately wounded.
The gnoll hits you with a spear.
* * * LOW HITPOINT WARNING * * *
You barely miss the gnoll.
The gnoll is moderately wounded.
You scratch the gnoll but do no damage.
The gnoll is moderately wounded.
The gnoll hits you with a spear.
* * * LOW HITPOINT WARNING * * *
You scratch the gnoll but do no damage.
The gnoll is moderately wounded.
The gnoll hits you with a spear!
You die...

#♣♣.♣..♣.##.# #...♣P...#
##♣P.P♣.##.# #..♣P..P# #
#...♣♣#.##.# #.♣...#.# #
#.♣♣♣#.....###P...##.# #
#.###...♣.♣....#### .# #
#.......♣(♣###.# .# #
####>...♣.♣..#.# .### #
#....♣.♣#.#.# ##. .## #
#....♣.♣#.#@# ......# ###
#.#†.♣)♣#.#g# #.#..# ..#
#.##...##.#g# #g...#
#.####.##.####.#.# #g#
............>....## #)#
#.####.####.......######.#
..# #.####..........ggg.#
###
#.........................
#.####.......#############


You could see 2 gnolls.

Vanquished Creatures
  4 gnolls (D:2)
  2 adders
  2 bats (D:1)
  A giant cockroach (D:1)
  2 goblins (D:1)
  4 hobgoblins (D:1)
  4 kobolds
  A ball python (D:1)
  A giant gecko (D:1)
  3 giant newts
  4 rats
28 creatures vanquished.

Notes
Turn   | Place    | Note
--------------------------------------------------------------
     0 | D:1      | urechis the Troll Monk began the quest for the Orb.
     0 | D:1      | Reached XP level 1. HP: 22/22 MP: 0/0
   167 | D:1      | Reached XP level 2. HP: 29/29 MP: 1/1
   606 | D:1      | Reached XP level 3. HP: 34/36 MP: 2/2
   941 | D:2      | Reached skill level 5 in Unarmed Combat
   950 | D:2      | Reached XP level 4. HP: 9/45 MP: 3/3
   974 | D:2      | Slain by a gnoll

Vault maps used:
D:1:      shiori_shiawase, hangedman_decor_clover_reticule
D:2:      nicolae_overflow_hidden_temple, serial_forest,
          infiniplex_forest_zigzag_1, infiniplex_forest_pool,
          infiniplex_forest_corner_2, infiniplex_forest_clump_diagonal,
          infiniplex_forest_lined_2, infiniplex_forest_lined_2,
          infiniplex_forest_straight_2

Action                   |  1- 3 |  4- 6 || total
-------------------------+-------+-------++-------
Melee: Unarmed           |    57 |     6 ||    63
  Use: Scroll            |     3 |       ||     3
 Stab: Sleeping          |     1 |       ||     1
  Eat: Chunk             |    13 |       ||    13
